cohdb
Replays
Latest Replays
All Replays
Popular Replays
Top Player Replays
Match Explorer
How It Works
Community
CoH3 Stats
Reddit
Sign in to upload your games and track your stats! →
Sign in with Steam
Match 46675064
Unlisted
Match 46675064
Overview
Messages
Build Orders
End
Pioneer Squad
Construct Infanterie Kompanie
Grenadier Squad
Selects Breakthrough Battlegroup
Selects Assault Grenadiers
MG 42 Machine Gun Team
Grenadier Squad
MG 42 Machine Gun Team
Construct Luftwaffe Kompanie
Selects Rapid Production
221 Scout Car
Selects Rapid Production
Jäger Squad
Jäger Squad
Medical Station
Luftwaffe Officer Quarters
Support Elements
Selects Smoke Bombing Run
Wirbelwind Flakpanzer
Wirbelwind Flakpanzer
Smoke Bombing Run
MG 42 Machine Gun Team
Selects Incendiary Bombing Run
Selects Mechanized Assault Group
Mechanized Assault Group
Jäger Squad
Sparkle
Mo-J
Wheeler
李小凡
从心
Sir Biggus
0
0
Comments
sign in to comment!
No comments posted yet!